 Dungeon Crawl Stone Soup version 0.29-a0-878-g7b45a56547 (webtiles) character file.

Game seed: 796904246447768207

1407 kevlar127 the Ruffian (level 8, 0/124 HPs)
             Began as a Troll Berserker on July 19, 2022.
             Was an Elder of Trog.
             Succumbed to a water moccasin's poison
             ... on level 7 of the Dungeon.
             The game lasted 00:06:59 (5429 turns).

kevlar127 the Ruffian (Troll Berserker)             Turns: 5429, Time: 00:06:59

Health: 0/124      AC:  5    Str: 28    XL:     8   Next: 42%
Magic:  1/7        EV: 10    Int:  3    God:    Trog [****..]
Gold:   258        SH:  0    Dex:  9    Spells: 7/7 levels left

rFire   . . .      SeeInvis +     - Unarmed
rCold   . . .      Faith    .   (no shield)
rNeg    . . .      Spirit   +   a - +0 animal skin
rPois   .          Reflect  .   v - +1 hat
rElec   .          Harm     .   (no cloak)
rCorr   .          Rampage  .   (gloves unavailable)
Will    .....                   (boots unavailable)
Stlth   ..........              B - amulet of guardian spirit
HPRegen 1.10/turn               F - ring of see invisible
MPRegen 0.10/turn               (no ring)

@: berserking (expiring), lethally poisoned (0 -> -4), very quick
A: large, unfitting armour, claws 3, regeneration 1, shaggy fur 1, tough skin 1
a: Renounce Religion, Berserk, Trog's Hand, Brothers in Arms


You were on level 7 of the Dungeon.
You worshipped Trog.
Trog was greatly pleased with you.
You visited 1 branch of the dungeon, and saw 7 of its levels.
You also visited: Sewer.

You collected 258 gold pieces.

Inventory:

Missiles
 b - 85 stones (quivered)
 t - 4 boomerangs
 u - 2 silver javelins
 E - 5 atropa-tipped darts
 G - 3 curare-tipped darts
Armour
 a - a +0 animal skin (worn)
 v - a +1 hat (worn)
Jewellery
 B - an amulet of guardian spirit (around neck)
 F - a ring of see invisible (left claw)
Wands
 q - a wand of charming (6)
 D - a wand of iceblast (31)
 H - a wand of quicksilver (13)
Scrolls
 e - 10 scrolls of identify {unknown}
 f - 2 scrolls of blinking {unknown}
 i - 2 scrolls of enchant weapon {unknown}
 m - 4 scrolls of noise {unknown}
 n - 4 scrolls of immolation {unknown}
 o - a scroll of fog {unknown}
 r - 4 scrolls of teleportation {unknown}
 w - a scroll of fear {unknown}
 y - a scroll of acquirement {unknown}
 C - a scroll of magic mapping {unknown}
 J - a scroll of poison {unknown}
Potions
 c - 3 potions of might {unknown}
 d - 2 potions of ambrosia {unknown}
 g - 2 potions of invisibility {unknown}
 h - 4 potions of curing {unknown}
 j - a potion of haste {unknown}
 k - 3 potions of heal wounds {unknown}
 l - 5 potions of attraction {unknown}
 p - a potion of mutation {unknown}
 s - a potion of cancellation {unknown}
 x - 3 potions of flight {unknown}
 z - a potion of lignification {unknown}
 A - a potion of brilliance {unknown}
 I - a potion of berserk rage {unknown}
 K - 2 potions of magic {unknown}


   Skills:
 + Level 5.9 Fighting
 + Level 3.8 Throwing
 - Level 3.0 Dodging
 + Level 7.1 Unarmed Combat


You had 7 spell levels left.
You didn't know any spells.
Your spell library was empty.

Dungeon Overview and Level Annotations

Branches:
Dungeon (7/15)              Sewer (visited)
 Temple: D:4-7

Altars:
Cheibriados
Gozag
Hepliaklqana
Okawaru
Ru
Yredelemnul

Shops:
D:4 :*

Annotations:
D:7 1 transporter


Innate Abilities, Weirdness & Mutations

You are too large for most types of armour.
You have claws for hands.
Your natural rate of healing is unusually fast.
You are covered in fur. (AC +1)
You have tough skin. (AC +1)


Message History

Trog accepts your kill.
You feel sick. The necrophage hits you.
* * * LOW HITPOINT WARNING * * *
Your life force feels restored.
You barely miss the water moccasin.
You feel sick. The water moccasin closely misses you.
The necrophage hits you but does no damage.
You miss the water moccasin.
You feel sick. The water moccasin barely misses you.
Unknown command.
You miss the water moccasin.
You feel sick.
The white imp shouts, "Give up, thou mammering hasty-witted foot-licker!"
The water moccasin bites you.
* * * LOW HITPOINT WARNING * * *
You are more poisoned.
The water moccasin poisons you!
The necrophage hits you but does no damage.
You miss the water moccasin.
You feel very sick. The water moccasin closely misses you.
The necrophage barely misses you.
A kobold brigand comes into view.
It is wielding a +0 dagger and quivering poisoned darts.
You miss the water moccasin.
You feel sick.
The water moccasin bites you but does no damage.
You scratch the water moccasin.
The water moccasin is lightly wounded.
You feel sick. The necrophage barely misses you.
You barely miss the water moccasin.
The water moccasin is lightly wounded.
You feel sick. The water moccasin bites you.
* * * LOW HITPOINT WARNING * * *
Unknown command.
You mangle the water moccasin!!
The water moccasin is almost dead.
You feel sick.
The water moccasin completely misses you.
The necrophage hits you.
* * * LOW HITPOINT WARNING * * *
You barely miss the water moccasin.
The water moccasin is almost dead.
You die...

#....#
###..#
## #..##
.. ##.#
#. #.#
#K. ##.#
.5###.$#
#S#..##
#@.##
#n.##
...##
##.. ...
####


You could see a water moccasin, a kobold brigand, a necrophage and a white imp.

Vanquished Creatures
  Menkaure (D:7)
  2 black bears (D:5)
  A sky beast (D:7)
  2 ogres
  The ghost of frimble the Magician, an amateur DsHW (D:3)
  2 centaurs
  A necrophage (D:4)
  2 scorpions
  A jelly (D:5)
  A hound (D:5)
  2 orc priests
  An iguana (D:6)
  A scorpion zombie (D:3)
  An orc wizard (D:3)
  A gnoll (D:3)
  A river rat (Sewer)
  4 adders
  2 ufetubi
  2 worms
  A dart slug (D:1)
  31 orcs
  7 endoplasms
  6 goblins
  5 hobgoblins
  3 jackals (D:1)
  10 kobolds
  5 quokkas
  13 ball pythons
  4 bats
  6 frilled lizards
  A giant cockroach zombie (D:3)
  16 rats
137 creatures vanquished.

Notes
Turn   | Place    | Note
-------+----------+-------------------------------------------
     0 | D:1      | kevlar127 the Troll Berserker began the quest for the Orb.
     0 | D:1      | Reached XP level 1. HP: 22/22 MP: 0/0
   124 | D:1      | Reached XP level 2. HP: 29/29 MP: 1/1
   244 | D:1      | Found a faded altar of an unknown god.
   668 | D:1      | Found a snail-covered altar of Cheibriados.
   811 | D:2      | Reached XP level 3. HP: 36/36 MP: 2/2
  1135 | D:2      | Reached ** piety under Trog
  1497 | D:3      | Found a sacrificial altar of Ru.
  1615 | D:3      | Found an iron altar of Okawaru.
  1752 | D:3      | Found an opulent altar of Gozag.
  1854 | D:3      | Reached XP level 4. HP: 45/45 MP: 3/3
  2006 | D:3      | Found a runed translucent gate.
  2006 | D:3      | Found a runed translucent gate.
  2006 | D:3      | Found a runed translucent gate.
  2006 | D:3      | Noticed frimble's ghost (amateur DsHW)
  2008 | D:3      | Found a basalt altar of Yredelemnul.
  2021 | D:3      | Reached skill level 4 in Unarmed Combat
  2420 | D:3      | Reached XP level 5. HP: 53/53 MP: 4/4
  3061 | D:3      | Killed frimble's ghost
  3139 | D:4      | Found a glowing drain.
  3150 | D:4      | Reached skill level 5 in Unarmed Combat
  3162 | Sewer    | Entered a sewer
  3172 | Sewer    | Reached XP level 6. HP: 62/62 MP: 5/5
  3280 | Sewer    | Reached *** piety under Trog
  3711 | D:4      | Found Haumiz's Self-Improvement Boutique.
  3775 | D:4      | Found Bobegua's Assorted Antiques.
  4079 | D:4      | Found a hazy altar of Hepliaklqana.
  4323 | D:5      | Entered Level 5 of the Dungeon
  4415 | D:5      | Reached skill level 1 in Throwing
  4415 | D:5      | Reached XP level 7. HP: 71/71 MP: 3/6
  4446 | D:5      | Reached skill level 5 in Fighting
  4446 | D:5      | Reached skill level 6 in Unarmed Combat
  4539 | D:5      | Reached **** piety under Trog
  5065 | D:6      | Reached XP level 8. HP: 71/81 MP: 5/7
  5353 | D:7      | Found a transporter.
  5381 | D:7      | Noticed Menkaure
  5388 | D:7      | Killed Menkaure
  5408 | D:7      | Reached skill level 7 in Unarmed Combat
  5427 | D:7      | HP: 6/124 [water moccasin (2)]
  5428 | D:7      | HP: 2/124 [necrophage (4)]
  5429 | D:7      | Succumbed to a water moccasin's poison

Illustrated notes

Levels and vault maps discovered:
D:1:      dpeg_arrival_water_altar, layout_loops_ring,
          ebering_ecumenical_altar_hall
D:2:      layout_loops_ring
D:3:      layout_loops_corners, nicolae_yredelemnul_ghost_church,
          grunt_gozag_breadcrumbs, okawaru_altar_gauntlet_db,
          overflow_temple_1_default
D:4:      layout_loops_corners, nicolae_hepliaklqana_hippocampus, serial_shops,
          kennysheep_mini, portal_sewer_entry_a, chequers_serial_rivers_micro_a,
          nicolae_shop_self_help
D:5:      layout_cave_pools, chequers_mini_garden, nicolae_elevator_lobby_plus
D:6:      layout_rooms
D:7:      gammafunk_beogh_shrine, layout_basic, tso_oasis_becter,
          minmay_temple_entry_butterflies, serial_shops, shop,
          minmay_ruined_shrine, uniq_menkaure

Skill      XL: |  1  2  3  4  5  6  7  8 |
---------------+-------------------------+-----
Fighting       | 3 4 5 |  5.9
Dodging        | 3 |  3.0
Unarmed Combat | 4 5 6 7 |  7.1
Throwing       | 1 3 |  3.8

Action                   |  1- 3 |  4- 6 |  7- 9 || total
-------------------------+-------+-------+-------++-------
Melee: Unarmed           |   118 |   199 |    69 ||   386
       Punch             |     1 |     3 |     2 ||     6
Invok: Berserk           |       |     3 |     1 ||     4
 Stab: Sleeping          |     1 |       |       ||     1
Armor: Animal skin       |    30 |    69 |    28 ||   127
Dodge: Dodged            |    52 |   125 |    40 ||   217

Table legend: (Time is in decaauts)
 A = Elapsed time spent in this place.
 B = Non-inter-level travel time spent in this place.
 C = Inter-level travel time spent in this place.
 D = Time resting spent in this place.
 E = Time spent auto-exploring this place.
 F = Levels seen in this place.
 G = Mean time per level.
                   A        B        C        D        E       F      G
               +--------+--------+--------+--------+--------+-----+--------+
         Total |   5475 |   5262 |    213 |    606 |   3848 |   8 |  684.4 |
       Dungeon |   5099 |   4886 |    213 |    606 |   3597 |   7 |  728.4 |
         Sewer |    375 |    375 |      0 |      0 |    251 |   1 |  375.0 |
               +--------+--------+--------+--------+--------+-----+--------+

Top non-repeatable levels by time:
     D:3: 1624 daAuts
     D:4: 901 daAuts
     D:1: 765 daAuts
     D:2: 702 daAuts
     D:5: 557 daAuts
     D:6: 468 daAuts
   Sewer: 375 daAuts
     D:7: 78 daAuts
